 Dungeon Crawl Stone Soup version 0.25-a0-166-g16436c4 (webtiles) character file.

Game seed: 5455936044958256623, levelgen mode: deterministic

203 Burgerman5000 the Poker (level 5, -8/39 HPs)
             Began as a Merfolk Gladiator on Nov 24, 2019.
             Killed by divine providence
             ... invoked by an orc priest
              (9 damage)
             ... on level 3 of the Dungeon.
             The game lasted 00:04:49 (2457 turns).

Burgerman5000 the Poker (Merfolk Gladiator)         Turns: 2457, Time: 00:04:49

Health: -8/39      AC:  7    Str: 14    XL:     5   Next: 81%
Magic:  5/5        EV: 13    Int:  7    God:
Gold:   30         SH:  5    Dex: 17    Spells: 4/4 levels left

rFire    . . .     SeeInvis .   a - +0 trident
rCold    . . .     Gourm    .   s - +0 buckler
rNeg     . . .     Faith    .   u - +0 ring mail
rPois    .         Spirit   .   c - +0 helmet
rElec    .         Reflect  .   h - +0 cloak
rCorr    .         Harm     .   (no gloves)
MR       .....                  (no boots)
Stlth    +.........             (no amulet)
HPRegen  0.13/turn              o - ring of wizardry
MPRegen  0.09/turn              (no ring)

@: no status effects
A: change form in water, swift swim, stealthy swim
a: no special abilities


You were on level 3 of the Dungeon.
You were not hungry.

You visited 1 branch of the dungeon, and saw 3 of its levels.

You collected 30 gold pieces.

Inventory:

Hand Weapons
 a - a +0 trident (weapon)
Missiles
 b - a curare-tipped dart
 d - 3 throwing nets
 q - 8 poisoned darts (quivered)
Armour
 c - a +0 helmet (worn)
 g - a scarf of cloud immunity
 h - a +0 cloak (worn)
 k - a +0 scale mail
 s - a +0 buckler (worn)
 u - a +0 ring mail (worn)
Jewellery
 o - a ring of wizardry (left hand)
Scrolls
 e - 4 scrolls of fear {unknown}
 i - a scroll of amnesia {unknown}
 j - 3 scrolls of identify {unknown}
 l - a scroll of remove curse {unknown}
 m - 2 scrolls of teleportation {unknown}
Potions
 n - a potion of invisibility {unknown}
 p - 2 potions of mutation {unknown}
 r - a potion of heal wounds {unknown}
Comestibles
 f - 2 rations
 t - 2 chunks of flesh


   Skills:
 - Level 2.6 Fighting
 * Level 6.5 Polearms
 - Level 2.0 Throwing
 - Level 0.5 Armour
 + Level 5.4 Dodging
 * Level 2.4 Shields


You had 4 spell levels left.
You didn't know any spells.
Your spell library was empty.

Dungeon Overview and Level Annotations

Branches:
Dungeon (3/15)

Altars:
Cheibriados
Okawaru
Qazlal
Trog
Wu Jian

Annotations:
D:3 Ijyb


Message History

A magic dart appears butt out of thin air!
The magic dart hits you.
* * * LOW HITPOINT WARNING * * *
You miss something. Something hits you.
* * * LOW HITPOINT WARNING * * *
You closely miss something.
The orc priest butts a cantrip, but nothing happens.
Something hits you but does no damage.
You closely miss something. Something hits you but does no damage.
You barely miss butt. Something hits you but does no damage.
You miss something.
You hear some strange, mumbled words.
A magic dart appears from out of thin air!
The magic dart hits butt.
* * * LOW HITPOINT WARNING * * *
You hit something. Something completely misses you.
You miss something.
The orc priest calls down the wrath of Beogh upon you.
Beogh smites you!
You die...

.......# .#
.......# ##.#
b..?...## #..#
..g.....##..
###.##
.oo.<.......
####.[...
############
####....#.##
####....####.##
######....####
#...
#o{@...####
...# #o######
..## #. #.###
#o #.### .o
#.... .o
.....## #..
###. # #.o


You could see an orc priest and an orc.

Vanquished Creatures
  An orc wizard (D:3)
  Terence (D:2)
  Robin (D:2)
  3 adders
  3 gnolls (D:2)
  2 worms
  3 dart slugs
  4 orcs
  7 bats
  2 giant cockroaches (D:2)
  11 goblins
  9 hobgoblins
  2 jackals (D:1)
  A ball python (D:1)
  3 frilled lizards
  7 kobolds
  8 rats
68 creatures vanquished.

Notes
Turn   | Place    | Note
-------+----------+-------------------------------------------
     0 | D:1      | Burgerman5000 the Merfolk Gladiator began the quest for the
                  | Orb.
     0 | D:1      | Reached XP level 1. HP: 16/16 MP: 1/1
   104 | D:1      | Reached XP level 2. HP: 16/22 MP: 2/2
   807 | D:2      | Reached skill level 5 in Polearms
   807 | D:2      | Reached XP level 3. HP: 27/28 MP: 3/3
  1067 | D:2      | Found a stormy altar of Qazlal.
  1150 | D:2      | Found an ornate altar of the Wu Jian Council.
  1257 | D:2      | Noticed Terence
  1270 | D:2      | Killed Terence
  1270 | D:2      | Reached skill level 1 in Shields
  1270 | D:2      | Reached XP level 4. HP: 25/34 MP: 4/4
  1278 | D:2      | Reached skill level 5 in Dodging
  1432 | D:2      | Found a snail-covered altar of Cheibriados.
  1491 | D:2      | Noticed Robin
  1513 | D:2      | Killed Robin
  1876 | D:2      | Found a bloodstained altar of Trog.
  1938 | D:2      | Reached XP level 5. HP: 39/39 MP: 5/5
  1940 | D:2      | Found an iron altar of Okawaru.
  1946 | D:2      | Reached skill level 6 in Polearms
  2214 | D:3      | Noticed Ijyb
  2455 | D:3      | HP: 1/39 [something/magic dart (4)]
  2457 | D:3      | Killed from afar by an orc priest

Levels and vault maps discovered:
D:1:      dpeg_arrival_ratfight, layout_basic
D:2:      layout_loops_cross, lemuel_coloured_pillars_altar,
          okawaru_altar_gauntlet_db, overflow_temple_1_default,
          lemuel_round_altar, cheibriados_altar_1, uniq_terence, uniq_robin
D:3:      layout_rooms, demons_altar, tgw_xom, uniq_ijyb

Skill      XL: |  1  2  3  4  5 |
---------------+----------------+-----
Polearms       | 5 6 |  6.5
Shields        | 1 2 |  2.4
Dodging        | 5 |  5.4
Fighting       | |  2.6
Throwing       | |  2.0
Armour         | |  0.5

Action                   |  1- 3 |  4- 6 || total
-------------------------+-------+-------++-------
Melee: Trident           |   101 |   133 ||   234
       Tailslap          |       |     4 ||     4
 Stab: Sleeping          |     1 |     2 ||     3
  Eat: Chunk             |     1 |     4 ||     5
Armor: Leather armour    |    13 |    14 ||    27
       Ring mail         |       |     8 ||     8
Dodge: Dodged            |    55 |    69 ||   124
Block: Buckler           |     3 |    11 ||    14

Table legend:
 A = Non-vault XP
 B = Vault XP
 C = Vault XP percentage of total XP
 D = Non-vault monster count
 E = Vault monster count
 F = Vault count percentage of total count
                 A         B        C        D         E       F
            +---------+---------+-------+---------+---------+-------
      Total |     163 |     127 |  43.8 |      44 |      24 |  35.3
            +---------+---------+-------+---------+---------+-------
        D:1 |      27 |       5 |  15.6 |      15 |       5 |  25.0
        D:2 |      67 |     122 |  64.6 |      21 |      19 |  47.5
        D:3 |      69 |       0 |   0.0 |       8 |       0 |   0.0
            +---------+---------+-------+---------+---------+-------
